Frizzbo, neutral female human Wizard # ---.--- ######......| ----------- # |.....| ##..........| # #......| # |.........| ###-----.- # --.-------- # # # # ### # # # # ### # # ### # # # ## ## # # ----- # -----|----# # |.... ## .........|# ### |..... # |.....<...# # |......# |........| ## ------ ##########-........| --|-- ###########---------- |@h.| |f@.| |???| ----- Frizzbo the Conjurer Experience level: 5 Strength: 11 Dexterity: 17 Constitution: 15 Intelligence: 18 Wisdom: 11 Charisma: 10 Health: 0(39) Energy: 54(54) Def: 8 Gold: 289 Moves: 2795 Dungeon seed: _mHwqRMqxhPFmqvn Game ID: Frizzbo_1465915661 Your Inventory: Coins $ - 289 gold pieces Weapons a - a blessed +1 quarterstaff (alternate weapon; not wielded) x - an uncursed +0 orcish dagger (weapon in hand) Armor e - an uncursed +0 cloak of magic resistance (being worn) q - an uncursed +0 orcish helm (being worn) r - a blessed +1 pair of leather gloves (being worn) w - an uncursed +0 studded leather armor (being worn) y - an uncursed +0 alchemy smock z - a blessed +1 T-shirt (being worn) N - an uncursed +0 cloak of invisibility Comestibles p - 2 uncursed lichen corpses s - an uncursed slime mold A - an uncursed food ration Scrolls i - an uncursed scroll of blank paper j - a blessed scroll of remove curse k - an uncursed scroll of gold detection v - an uncursed scroll of identify B - an uncursed scroll of teleportation Spellbooks l - a blessed spellbook of force bolt m - an uncursed spellbook of slow monster n - an uncursed spellbook of dig Potions f - an uncursed potion of gain energy g - an uncursed potion of water h - an uncursed potion of booze o - an uncursed potion of gain level Rings c - an uncursed ring of regeneration d - an uncursed ring of slow digestion (on left hand) Wands b - an uncursed wand of teleportation (0:8) Tools u - an uncursed blindfold Spells and supernatural/magical abilities: Name Level Category Fail Memory a - force bolt 1 attack 0% 87% s - slow monster 2 enchantment 0% 87% W - pray for help -- divine ? -- Your skills at the end: Fighting Skills Weapon Skills quarterstaff [Basic] Spellcasting Skills attack spells [Basic] enchantment spells [Basic] Final Attributes: You were piously aligned. You were magic-protected. You had slower digestion. You are dead. Vanquished creatures: a small mimic a shrieker a kobold lord a giant bat a werejackal an iguana an acid blob 2 coyotes a gas spore a large kobold a hobgoblin a giant rat 2 yellow molds a green mold 2 gnomes a gnome zombie 2 geckos 3 jackals 3 goblins 5 sewer rats 7 grid bugs 7 lichens 2 kobold zombies 3 newts 51 creatures vanquished. Voluntary challenges: You had did not eat until turn 2216. You had followed a strict vegan diet until turn 2216. You had followed a strict vegetarian diet until turn 2216. You used a wielded weapon 73 times, starting on turn 107. You were illiterate. You never genocided any monsters. You never polymorphed an object. You never changed form. You used no wishes. You never split a pudding. You never wrote Elbereth's name. You never violated your personal moral code. Dungeon overview: The Dungeons of Doom: levels 1 to 4 Level 1 some fountains a long staircase Level 2 Level 3 an armor shop a long staircase Level 4 <- You were here a scroll shop History has recorded: On T:1 you entered the Dungeons of Doom to retrieve the Amulet of Yendor! On T:460 you advanced to experience level 2. On T:675 you reached level 2 of The Dungeons of Doom. On T:1286 you reached level 3 of The Dungeons of Doom. On T:1305 you advanced to experience level 3. On T:1981 you advanced to experience level 4. On T:2559 you advanced to experience level 5. On T:2577 you reached level 4 of The Dungeons of Doom. Score breakdown: Gold: 289 ( 8376 points) Experience: 5 levels (11141 points) Exploration: 4 levels ( 7.55%) ( 7205 points) Discoveries: 2 items ( 0.70%) ( 2504 points) Valuables value: (no points given unless you survive) Artifact value: 0 ( 0 points) Variety of kills: 24 monsters ( 6.30%) ( 7529 points) Turncount: 2795 turns ( -495 points) Survival: died (score multiplied by 80%) Total score: 29008 Latest messages: The dwarf hits! You miss the dwarf. You hit the dwarf. The dwarf thrusts his dagger. The dwarf hits! You hit the dwarf. (2x) The dwarf thrusts his dagger. The dwarf hits! B - a scroll labeled YUM YUM. You miss the dwarf. You see here a scroll labeled VERR YED HORRE (177 zorkmids). Widgee picks up a scroll labeled PRATYAVAYAH. Widgee misses the dwarf. You miss the dwarf. Widgee drops a scroll labeled PRATYAVAYAH. Widgee bites the dwarf. The dwarf thrusts his dagger at Widgee. The dwarf misses Widgee. Widgee bites the dwarf. You hit the dwarf. The dwarf thrusts his dagger. The dwarf hits! You die... Sneem gratefully inherits all your possessions. Final status: Goodbye Frizzbo the Wizard, killed by a dwarf... You died in The Dungeons of Doom on dungeon level 4 with 29008 points, and 289 pieces of gold, after 2795 moves. You were level 5 with a maximum of 39 hit points when you died.